Red Wings vs Maple Leafs

Created - 23 mars 2024 at 20:30

Goals
1 2 3 T
Red Wings 1 4 2 7
Maple Leafs 0 3 0 3
Shots
1 2 3 T
Red Wings 11 14 10 35
Maple Leafs 6 16 6 28

GoalsPenalties
1st period
1. Red Wings , Dylan Cozens 18 (Brady Tkachuk 28, Yanni Gourde 25) at 16:22
Hampus Lindholm (DET) for Hooking (Minor) at 3:13
Igor Shesterkin (DET) for Delaying the game (Minor) at 10:21 - Braden Schneider served the penalty
Colton Parayko (TOR) for Tripping (Minor) at 16:34
2nd period
2. Maple Leafs , Filip Forsberg 33 (Ryan O'Reilly 52, Kevin Labanc 22) at 0:10
3. Red Wings , Brock Nelson 44 (Mike Matheson 12, Vincent Trocheck 56) at 1:46
4. Red Wings , Dylan Cozens 19 (Yegor Sharangovich 30) at 8:21
5. Red Wings , Vincent Trocheck 33 (Brock Nelson 48, Mike Matheson 13) at 8:51
6. Maple Leafs , Cal Clutterbuck 9 (Brent Burns 37, Emil Bemstrom 16) at 11:41
7. Red Wings , Dominik Kubalik 13 (Hampus Lindholm 23, Casey Cizikas 16) at 13:41
8. Maple Leafs , Ryan O'Reilly 36 (Filip Forsberg 44, Kevin Labanc 23) at 17:47 (PP)
Colton Parayko (TOR) for Fighting (Major) at 1:47
Brady Tkachuk (DET) for Fighting (Major) at 1:47
Brady Tkachuk (DET) for instigated a fight (Minor) at 1:47
Brady Tkachuk (DET) for instigated a fight (10 Minutes Misconduct) at 1:47
Yanni Gourde (DET) for Hooking (Minor) at 6:00
Jalen Chatfield (DET) for Holding (Minor) at 16:43
Mike Matheson (DET) for Charging (Double Minor) at 18:38
3rd period
9. Red Wings , Vincent Trocheck 34 (Mike Matheson 14, Yanni Gourde 26) at 18:37
10. Red Wings , Owen Tippett 26 (Brock Nelson 49, Vincent Trocheck 57) at 19:52 (PP)
Nick Cousins (TOR) for Hooking (Minor) at 10:02
Mike Matheson (DET) for Interference (Minor) at 16:19
Jan Rutta (TOR) for High sticking (Minor) at 19:42
Goalie Stats
Igor Shesterkin (DET), 25 saves from 28 shots - (0,893), W, 46-14-9, 60:00 minutes
Sergei Bobrovsky (TOR), 28 saves from 35 shots - (0,800), L, 32-23-6, 60:00 minutes
3 StarsOfficial
1 - Vincent Trocheck (DET)
2 - Dylan Cozens (DET)
3 - Brock Nelson (DET)
Referees : Garrett Rank and Chris Lee
Linesman : James Tobias and Justine Todd
Game Note
Colton Parayko and Brady Tkachuk fight to a draw at 1:47 of 2nd period
Finance
Level 1 -- Attendance: 5710 (95%) -- Ticket Income $513,900
Level 2 -- Attendance: 4968 (99%) -- Ticket Income $258,336
Level 3 -- Attendance: 2808 (100%) -- Ticket Income $92,664
Level 4 -- Attendance: 3719 (93%) -- Ticket Income $59,504
Luxury Box -- Attendance: 1000 (100%) -- Ticket Income $200,000
Game was played at the Air Canada Centre.
Total Attendance: 18205 (97%)
Total Ticket Income: $1,124,404
Other Income: $337,321
Total Income: $1,461,725



Team Name Goals Shots Shots Attemp Shots Blocked PIM HIT PP PK FO%
Red Wings 735591231171 / 3 (33%)146%
Maple Leafs 328591011221 / 8 (13%)154%

Red Wings
Player Name POS G A P +/- PIM HIT SHT SB MP PP MP PP SHT PK MP PK SHT FO% FOT GA TA
Alec MartinezD0001001124:090:0008:2900% 000
Braden SchneiderD0001011012:232:3600:0000% 000
Brady TkachukLW01111702010:142:0400:4110% 000
Brock NelsonC/LW1230023019:292:0401:47033% 312
Casey CizikasC0111000011:340:0005:57027% 1100
Dominik KubalikLW/RW101200506:280:0000:2600% 000
Dylan CozensC/LW2021015213:272:0400:00029% 1400
Hampus LindholmD0110212225:052:3607:0900% 010
Jalen ChatfieldD0002203112:530:0003:1400% 000
Jeff CarterC/RW0000002011:320:0000:000100% 100
Kevin HayesC0000000011:480:0000:08043% 700
Luke SchennD0002021023:531:3206:4800% 000
Mike MathesonD0333611321:591:3204:1600% 001
Owen TippettRW1011022213:272:0410:000100% 100
Sean KuralyC/LW0001011011:340:0005:5700% 000
Vincent TrocheckC/RW2242044122:302:0408:12059% 2900
Yanni GourdeC/LW/RW0222211021:172:0407:06050% 200
Yegor SharangovichC/LW/RW0110011011:320:0000:0000% 000
Maple Leafs
Player Name POS G A P +/- PIM HIT SHT SB MP PP MP PP SHT PK MP PK SHT FO% FOT GA TA
Brent BurnsD011-2001127:3210:0711:3800% 001
Cal ClutterbuckRW101-2001010:010:0000:0000% 000
Colton ParaykoD000-1701018:224:1201:2500% 000
Darnell NurseD000-2021227:549:4601:4900% 000
Emil BemstromLW/RW011-2025110:010:0000:0000% 000
Filip ForsbergLW112-2016121:168:5220:00033% 330
Jan RuttaD000-1210012:480:2900:5400% 001
Kevin LabancLW/RW022-2020021:288:5200:1200% 200
Lars EllerC0000010011:070:0002:22060% 1000
Mason AppletonC/RW000000009:340:0000:0000% 000
Matt NietoLW/RW0000002112:050:0002:2200% 000
Michael RasmussenC/LW0000024017:106:0611:34042% 1200
Nathan BeaulieuD000-1010011:370:0000:0000% 000
Nick CousinsC/LW0000211215:006:0600:0000% 000
Ryan O'ReillyC112-2033023:048:5221:34059% 3700
Sam GagnerC/RW000-2031010:130:0000:12075% 400
T.J. BrodieD000-1010221:375:2202:3000% 000
T.J. OshieRW0000022014:596:0600:0000% 000

Red Wings

5 vs 5 Forward
Line #Left WingCenterRight WingPHYDFOFWanted %Time %Time Play
1Brock NelsonVincent TrocheckOwen Tippett0323430%12:22
2Brady TkachukDylan CozensYanni Gourde0323028%11:24
3Yegor SharangovichKevin HayesJeff Carter0322628%11:32
4Sean KuralyCasey CizikasDominik Kubalik0321014%5:36
5 vs 5 Defense
Line #DefenseDefensePHYDFOFWanted %Time %Time Play
1Hampus LindholmAlec Martinez0323737%15:09
2Mike MathesonLuke Schenn0323639%15:52
3Jalen ChatfieldBraden Schneider0322323%9:21
4Hampus LindholmAlec Martinez03241%0:32
Power Play Forward
Line #Left WingCenterRight WingPHYDFOFWanted %Time %Time Play
1Brock NelsonVincent TrocheckOwen Tippett0145250%2:04
2Brady TkachukDylan CozensYanni Gourde0144850%2:04
Power Play Defense
Line #DefenseDefensePHYDFOFWanted %Time %Time Play
1Hampus LindholmBraden Schneider0145263%2:36
2Mike MathesonLuke Schenn0144837%1:32
Penalty Kill 4 Players Forward
Line #CenterWingPHYDFOFWanted %Time %Time Play
1Vincent TrocheckYanni Gourde1405460%9:01
2Casey CizikasSean Kuraly1404640%5:57
Penalty Kill 4 Players Defense
Line #DefenseDefensePHYDFOFWanted %Time %Time Play
1Hampus LindholmAlec Martinez1405452%7:50
2Mike MathesonLuke Schenn1404648%7:08
Penalty Kill 3 Players
Line #WingPHYDFOFWanted %Time %Time PlayDefenseDefensePHYDFOFWanted %Time %Time Play
1Vincent Trocheck140510%0:00 Hampus LindholmAlec Martinez140510%0:00
2Casey Cizikas140490%0:00 Mike MathesonLuke Schenn140490%0:00
4 vs 4 Forward
Line #CenterWingPHYDFOFWanted %Time %Time Play
1Vincent TrocheckBrock Nelson032550%0:00
2Dylan CozensBrady Tkachuk032450%0:00
4 vs 4 Defense
Line #DefensePHYDFOFWanted %Time %Time Play
1Hampus LindholmAlec Martinez032550%0:00
2Mike MathesonLuke Schenn032450%0:00
Last Minutes Offensive
Left WingCenterRight WingDefenseDefense
Brock NelsonVincent TrocheckBrady TkachukHampus LindholmLuke Schenn
Last Minutes Defensive
Left WingCenterRight WingDefenseDefense
Brock NelsonVincent TrocheckYanni GourdeHampus LindholmAlec Martinez
Time
Total ForwardTotal DefenseLast Minutes OffensiveLast Minutes Defensive
60:00 60:00 0:000:00
Extra Forwards
Normal PowerPlayPenalty Kill
Brock Nelson, Vincent Trocheck, Brady TkachukKevin Hayes, Jeff CarterBrock Nelson
Extra Defensemen
Normal PowerPlayPenalty Kill
Hampus Lindholm, Alec Martinez, Luke SchennBraden Schneider, Mike MathesonJalen Chatfield
Penalty Shots
Brock Nelson, Brady Tkachuk, Vincent Trocheck, Yanni Gourde, Dylan Cozens
Goalie
Igor Shesterkin, Martin Jones
Scratches
Brett Howden (Healthy), Kent Johnson (Healthy), Owen Power (Healthy)

Maple Leafs

5 vs 5 Forward
Line #Left WingCenterRight WingPHYDFOFWanted %Time %Time Play
1Filip ForsbergRyan O'ReillyKevin Labanc0323330%12:26
2Matt NietoMichael RasmussenMason Appleton0322524%9:44
3Nick CousinsLars EllerT.J. Oshie0322221%8:43
4Emil BemstromSam GagnerCal Clutterbuck0322024%10:01
5 vs 5 Defense
Line #DefenseDefensePHYDFOFWanted %Time %Time Play
1Darnell NurseBrent Burns0323636%14:41
2T.J. BrodieColton Parayko0323434%13:56
3Nathan BeaulieuJan Rutta0323028%11:22
4Darnell NurseBrent Burns02302%0:55
Power Play Forward
Line #Left WingCenterRight WingPHYDFOFWanted %Time %Time Play
1Filip ForsbergRyan O'ReillyKevin Labanc0146259%8:52
2Nick CousinsMichael RasmussenT.J. Oshie0143841%6:06
Power Play Defense
Line #DefenseDefensePHYDFOFWanted %Time %Time Play
1Darnell NurseBrent Burns0146564%9:36
2T.J. BrodieColton Parayko0143536%5:22
Penalty Kill 4 Players Forward
Line #CenterWingPHYDFOFWanted %Time %Time Play
1Lars EllerMatt Nieto0415462%2:34
2Ryan O'ReillyMichael Rasmussen1314638%1:34
Penalty Kill 4 Players Defense
Line #DefenseDefensePHYDFOFWanted %Time %Time Play
1T.J. BrodieColton Parayko1315882%3:24
2Darnell NurseBrent Burns1314218%0:44
Penalty Kill 3 Players
Line #WingPHYDFOFWanted %Time %Time PlayDefenseDefensePHYDFOFWanted %Time %Time Play
1Ryan O'Reilly041580%0:00 T.J. BrodieColton Parayko041580%0:00
2Lars Eller041420%0:00 Darnell NurseBrent Burns041420%0:00
4 vs 4 Forward
Line #CenterWingPHYDFOFWanted %Time %Time Play
1Ryan O'ReillyFilip Forsberg032550%0:00
2Lars EllerT.J. Oshie032450%0:00
4 vs 4 Defense
Line #DefensePHYDFOFWanted %Time %Time Play
1Darnell NurseBrent Burns032550%0:00
2T.J. BrodieColton Parayko032450%0:00
Last Minutes Offensive
Left WingCenterRight WingDefenseDefense
Filip ForsbergRyan O'ReillyT.J. OshieDarnell NurseBrent Burns
Last Minutes Defensive
Left WingCenterRight WingDefenseDefense
Michael RasmussenRyan O'ReillyMatt NietoDarnell NurseColton Parayko
Time
Total ForwardTotal DefenseLast Minutes OffensiveLast Minutes Defensive
60:00 60:00 0:000:00
Extra Forwards
Normal PowerPlayPenalty Kill
Ryan O'Reilly, Filip Forsberg, T.J. OshieFilip Forsberg, T.J. OshieLars Eller
Extra Defensemen
Normal PowerPlayPenalty Kill
Brent Burns, Darnell Nurse, Colton ParaykoBrent Burns, Darnell NurseColton Parayko
Penalty Shots
T.J. Oshie, Filip Forsberg, Ryan O'Reilly, Brent Burns, Sam Gagner
Goalie
Sergei Bobrovsky, Anthony Stolarz
Scratches
None


Play-by-Play

1st period


0:01 of 1st period - Vincent Trocheck wins face-off versus Ryan O'Reilly in neutral zone.
2:17 of 1st period - Dylan Cozens is hit by Lars Eller and loses puck.
2:28 of 1st period - Snap shot by Yanni Gourde.
2:28 of 1st period - Shot Misses the Net.
2:48 of 1st period - Slapshot by Brent Burns.
2:48 of 1st period - Deflect By Emil Bemstrom.
2:48 of 1st period - Shot Blocked by Dylan Cozens.
2:48 of 1st period - Puck is out of play.
2:49 of 1st period - Jeff Carter wins face-off versus Ryan O'Reilly in Red Wings zone.
2:49 of 1st period - Jeff Carter is hit by Kevin Labanc.
2:55 of 1st period - Hampus Lindholm is hit by Filip Forsberg and loses puck.
3:13 of 1st period - Minor Penalty to Hampus Lindholm for Hooking.
3:14 of 1st period - Vincent Trocheck wins face-off versus Ryan O'Reilly in Red Wings zone.
3:29 of 1st period - Wrist shot by Filip Forsberg.
3:29 of 1st period - Shot Misses the Net.
3:31 of 1st period - Slapshot by Darnell Nurse.
3:31 of 1st period - Deflect By Filip Forsberg.
3:31 of 1st period - Stopped by Igor Shesterkin without a rebound.
3:32 of 1st period - Michael Rasmussen wins face-off versus Casey Cizikas in Red Wings zone.
5:01 of 1st period - Icing by Brent Burns.
5:02 of 1st period - Ryan O'Reilly wins face-off versus Casey Cizikas in Maple Leafs zone.
5:13 of 1st period - Penalty to Hampus Lindholm is over, Hampus Lindholm is back on ice.
6:00 of 1st period - Snap shot by Brady Tkachuk.
6:00 of 1st period - Shot Misses the Net.
6:02 of 1st period - Snap shot by Dylan Cozens.
6:02 of 1st period - Shot Misses the Net.
6:04 of 1st period - Slapshot by Alec Martinez.
6:04 of 1st period - Stopped by Sergei Bobrovsky without a rebound.
6:05 of 1st period - Lars Eller wins face-off versus Kevin Hayes in Maple Leafs zone.
6:13 of 1st period - Snap shot by Nick Cousins.
6:13 of 1st period - Deflect By T.J. Oshie.
6:13 of 1st period - Stopped by Igor Shesterkin without a rebound.
6:14 of 1st period - Filip Forsberg wins face-off versus Kevin Hayes in Red Wings zone.
6:54 of 1st period - Wrist shot by Brock Nelson.
6:54 of 1st period - Shot Blocked by Matt Nieto.
7:14 of 1st period - Jan Rutta is hit by Dylan Cozens and loses puck.
7:27 of 1st period - Ryan O'Reilly is hit by Sean Kuraly and loses puck.
7:54 of 1st period - Wrist shot by Brock Nelson.
7:54 of 1st period - Stopped by Sergei Bobrovsky with a rebound.
7:56 of 1st period - Slapshot by Vincent Trocheck.
7:56 of 1st period - Shot Misses the Net.
8:11 of 1st period - Backhand shot by Michael Rasmussen.
8:11 of 1st period - Shot Misses the Net.
8:13 of 1st period - Snap shot by Nathan Beaulieu.
8:13 of 1st period - Shot Blocked by Jalen Chatfield.
8:29 of 1st period - Snap shot by Dylan Cozens.
8:29 of 1st period - Shot Misses the Net.
8:31 of 1st period - Snap shot by Jalen Chatfield.
8:31 of 1st period - Stopped by Sergei Bobrovsky with a rebound.
8:33 of 1st period - Backhand shot by Yanni Gourde.
8:33 of 1st period - Stopped by Sergei Bobrovsky with a rebound.
8:35 of 1st period - Slapshot by Jalen Chatfield.
8:35 of 1st period - Stopped by Sergei Bobrovsky without a rebound.
8:36 of 1st period - Vincent Trocheck wins face-off versus Ryan O'Reilly in Maple Leafs zone.
8:47 of 1st period - Slapshot by Owen Tippett.
8:47 of 1st period - Stopped by Sergei Bobrovsky without a rebound.
8:48 of 1st period - Vincent Trocheck wins face-off versus Ryan O'Reilly in Maple Leafs zone.
8:57 of 1st period - Snap shot by Vincent Trocheck.
8:57 of 1st period - Stopped by Sergei Bobrovsky with a rebound.
8:59 of 1st period - Slapshot by Luke Schenn.
8:59 of 1st period - Shot Misses the Net.
9:01 of 1st period - Slapshot by Brock Nelson.
9:01 of 1st period - Shot Misses the Net.
9:15 of 1st period - Dylan Cozens is hit by Sam Gagner.
10:21 of 1st period - Wrist shot by Filip Forsberg.
10:21 of 1st period - Stopped by Igor Shesterkin without a rebound.
10:21 of 1st period - Minor Penalty to Igor Shesterkin for Delaying the game.
10:22 of 1st period - Ryan O'Reilly wins face-off versus Vincent Trocheck in Red Wings zone.
10:37 of 1st period - Wrist shot by Filip Forsberg.
10:37 of 1st period - Stopped by Igor Shesterkin without a rebound.
10:38 of 1st period - Vincent Trocheck wins face-off versus Kevin Labanc in Red Wings zone.
10:51 of 1st period - Slapshot by Vincent Trocheck.
10:51 of 1st period - Shot Misses the Net.
11:05 of 1st period - Casey Cizikas is hit by Nick Cousins and loses puck.
12:21 of 1st period - Penalty to Braden Schneider is over, Braden Schneider is back on ice.
12:39 of 1st period - Jeff Carter is hit by Sam Gagner.
13:03 of 1st period - Darnell Nurse is hit by Braden Schneider and loses puck.
13:17 of 1st period - Off-side.
13:18 of 1st period - Sam Gagner wins face-off versus Dylan Cozens in neutral zone.
13:43 of 1st period - T.J. Brodie is hit by Yegor Sharangovich and loses puck.
14:37 of 1st period - Wrist shot by Matt Nieto.
14:37 of 1st period - Stopped by Igor Shesterkin without a rebound.
14:38 of 1st period - Dylan Cozens wins face-off versus Ryan O'Reilly in Red Wings zone.
14:43 of 1st period - Snap shot by Dylan Cozens.
14:43 of 1st period - Stopped by Sergei Bobrovsky with a rebound.
14:45 of 1st period - Slapshot by Jalen Chatfield.
14:45 of 1st period - Stopped by Sergei Bobrovsky with a rebound.
14:55 of 1st period - Wrist shot by Brady Tkachuk.
14:55 of 1st period - Shot Blocked by Filip Forsberg.
16:16 of 1st period - Snap shot by Brady Tkachuk.
16:16 of 1st period - Shot Blocked by Emil Bemstrom.
16:22 of 1st period - Slapshot by Dylan Cozens.
16:22 of 1st period - Goal by Dylan Cozens - Red Wings : 1 - Maple Leafs : 0.
16:23 of 1st period - Vincent Trocheck wins face-off versus Ryan O'Reilly in neutral zone.
16:34 of 1st period - Minor Penalty to Colton Parayko for Tripping.
16:35 of 1st period - Lars Eller wins face-off versus Vincent Trocheck in Maple Leafs zone.
17:21 of 1st period - Brock Nelson is hit by Michael Rasmussen and loses puck.
18:16 of 1st period - Mike Matheson is hit by Jan Rutta.
18:34 of 1st period - Penalty to Colton Parayko is over, Colton Parayko is back on ice.
18:41 of 1st period - Wrist shot by Emil Bemstrom.
18:41 of 1st period - Stopped by Igor Shesterkin with a rebound.
18:47 of 1st period - Jeff Carter is hit by Emil Bemstrom and loses puck.
18:58 of 1st period - Kevin Hayes is hit by Emil Bemstrom and loses puck.
19:05 of 1st period - Colton Parayko is hit by Mike Matheson and loses puck.
19:33 of 1st period - Snap shot by Yegor Sharangovich.
19:33 of 1st period - Stopped by Sergei Bobrovsky without a rebound.
19:34 of 1st period - Vincent Trocheck wins face-off versus Kevin Labanc in Maple Leafs zone.
19:45 of 1st period - Slapshot by Darnell Nurse.
19:45 of 1st period - Shot Misses the Net.
Goals for this period are 1 for Red Wings vs 0 for Maple Leafs.
Shots for this period are 11 for Red Wings vs 6 for Maple Leafs.

2nd period


0:01 of 2nd period - Ryan O'Reilly wins face-off versus Vincent Trocheck in neutral zone.
0:10 of 2nd period - Snap shot by Filip Forsberg.
0:10 of 2nd period - Goal by Filip Forsberg - Red Wings : 1 - Maple Leafs : 1.
0:11 of 2nd period - Ryan O'Reilly wins face-off versus Dylan Cozens in neutral zone.
0:14 of 2nd period - Slapshot by Colton Parayko.
0:14 of 2nd period - Shot Misses the Net.
1:31 of 2nd period - Wrist shot by Emil Bemstrom.
1:31 of 2nd period - Stopped by Igor Shesterkin without a rebound.
1:32 of 2nd period - Ryan O'Reilly wins face-off versus Brock Nelson in Red Wings zone.
1:40 of 2nd period - Off-side.
1:41 of 2nd period - Vincent Trocheck wins face-off versus Ryan O'Reilly in neutral zone.
1:44 of 2nd period - Slapshot by Mike Matheson.
1:44 of 2nd period - Stopped by Sergei Bobrovsky with a rebound.
1:46 of 2nd period - Snap shot by Brock Nelson.
1:46 of 2nd period - Goal by Brock Nelson - Red Wings : 2 - Maple Leafs : 1.
1:47 of 2nd period - Ryan O'Reilly wins face-off versus Dylan Cozens in neutral zone.
1:47 of 2nd period - Colton Parayko and Brady Tkachuk fight to a draw.
1:47 of 2nd period - Penalty to Colton Parayko for Fighting.
1:47 of 2nd period - Penalty to Brady Tkachuk for Fighting.
1:47 of 2nd period - Penalty to Brady Tkachuk for instigated a fight.
1:47 of 2nd period - Penalty to Brady Tkachuk for instigated a fight.
1:48 of 2nd period - Ryan O'Reilly wins face-off versus Vincent Trocheck in neutral zone.
1:53 of 2nd period - Snap shot by Ryan O'Reilly.
1:53 of 2nd period - Stopped by Igor Shesterkin with a rebound.
2:01 of 2nd period - Slapshot by Hampus Lindholm.
2:01 of 2nd period - Shot Blocked by Brent Burns.
2:22 of 2nd period - Backhand shot by Ryan O'Reilly.
2:22 of 2nd period - Shot Blocked by Alec Martinez.
2:24 of 2nd period - Snap shot by Brent Burns.
2:24 of 2nd period - Deflect By Filip Forsberg.
2:24 of 2nd period - Shot Hit the Post.
2:24 of 2nd period - Puck is out of play.
2:25 of 2nd period - Vincent Trocheck wins face-off versus Michael Rasmussen in Red Wings zone.
2:59 of 2nd period - Slapshot by Sean Kuraly.
2:59 of 2nd period - Shot Blocked by Nick Cousins.
3:13 of 2nd period - Alec Martinez is hit by Michael Rasmussen and loses puck.
3:47 of 2nd period - Penalty to Brady Tkachuk is over, Brock Nelson is send on ice.
4:07 of 2nd period - Yanni Gourde is hit by Sam Gagner and loses puck.
4:58 of 2nd period - Snap shot by Emil Bemstrom.
4:58 of 2nd period - Shot Misses the Net.
5:13 of 2nd period - Wrist shot by Nick Cousins.
5:13 of 2nd period - Stopped by Igor Shesterkin with a rebound.
6:00 of 2nd period - Minor Penalty to Yanni Gourde for Hooking.
6:01 of 2nd period - Ryan O'Reilly wins face-off versus Casey Cizikas in Red Wings zone.
6:10 of 2nd period - Snap shot by Filip Forsberg.
6:10 of 2nd period - Deflect By Ryan O'Reilly.
6:10 of 2nd period - Shot Misses the Net.
6:10 of 2nd period - Puck is out of play.
6:11 of 2nd period - Casey Cizikas wins face-off versus Ryan O'Reilly in Red Wings zone.
6:36 of 2nd period - Wrist shot by Ryan O'Reilly.
6:36 of 2nd period - Shot Misses the Net.
6:38 of 2nd period - Wrist shot by Filip Forsberg.
6:38 of 2nd period - Shot Blocked by Hampus Lindholm.
6:40 of 2nd period - Snap shot by Filip Forsberg.
6:40 of 2nd period - Shot Misses the Net.
6:42 of 2nd period - Snap shot by Brent Burns.
6:42 of 2nd period - Stopped by Igor Shesterkin without a rebound.
6:43 of 2nd period - Casey Cizikas wins face-off versus Michael Rasmussen in Red Wings zone.
6:47 of 2nd period - Penalty to Brady Tkachuk is over, Dominik Kubalik is send on ice.
7:44 of 2nd period - Brent Burns is hit by Hampus Lindholm and loses puck.
8:00 of 2nd period - Penalty to Yanni Gourde is over, Yanni Gourde is back on ice.
8:21 of 2nd period - Snap shot by Dylan Cozens.
8:21 of 2nd period - Goal by Dylan Cozens - Red Wings : 3 - Maple Leafs : 1.
8:22 of 2nd period - Dylan Cozens wins face-off versus Lars Eller in neutral zone.
8:25 of 2nd period - Slapshot by Hampus Lindholm.
8:25 of 2nd period - Deflect By Dylan Cozens.
8:25 of 2nd period - Stopped by Sergei Bobrovsky with a rebound.
8:33 of 2nd period - Wrist shot by T.J. Oshie.
8:33 of 2nd period - Stopped by Igor Shesterkin without a rebound.
8:34 of 2nd period - Vincent Trocheck wins face-off versus Ryan O'Reilly in Red Wings zone.
8:51 of 2nd period - Wrist shot by Vincent Trocheck.
8:51 of 2nd period - Goal by Vincent Trocheck - Red Wings : 4 - Maple Leafs : 1.
8:52 of 2nd period - Ryan O'Reilly wins face-off versus Vincent Trocheck in neutral zone.
8:55 of 2nd period - Wrist shot by Darnell Nurse.
8:55 of 2nd period - Shot Blocked by Owen Tippett.
9:07 of 2nd period - Vincent Trocheck is hit by Ryan O'Reilly and loses puck.
9:17 of 2nd period - Brock Nelson is hit by Ryan O'Reilly and loses puck.
9:24 of 2nd period - Ryan O'Reilly is hit by Brock Nelson.
9:34 of 2nd period - Wrist shot by Vincent Trocheck.
9:34 of 2nd period - Stopped by Sergei Bobrovsky with a rebound.
9:36 of 2nd period - Snap shot by Hampus Lindholm.
9:36 of 2nd period - Stopped by Sergei Bobrovsky without a rebound.
9:37 of 2nd period - Lars Eller wins face-off versus Dylan Cozens in Maple Leafs zone.
9:37 of 2nd period - Lars Eller is hit by Yanni Gourde.
10:26 of 2nd period - Slapshot by Colton Parayko.
10:26 of 2nd period - Stopped by Igor Shesterkin without a rebound.
10:27 of 2nd period - Sam Gagner wins face-off versus Casey Cizikas in Red Wings zone.
10:28 of 2nd period - Wrist shot by Emil Bemstrom.
10:28 of 2nd period - Stopped by Igor Shesterkin without a rebound.
10:29 of 2nd period - Dylan Cozens wins face-off versus Sam Gagner in Red Wings zone.
10:29 of 2nd period - Dylan Cozens is hit by Darnell Nurse.
10:37 of 2nd period - Wrist shot by Yanni Gourde.
10:37 of 2nd period - Shot Misses the Net.
10:43 of 2nd period - Slapshot by Darnell Nurse.
10:43 of 2nd period - Shot Misses the Net.
10:47 of 2nd period - Snap shot by Emil Bemstrom.
10:47 of 2nd period - Shot Misses the Net.
10:49 of 2nd period - Wrist shot by Emil Bemstrom.
10:49 of 2nd period - Stopped by Igor Shesterkin with a rebound.
10:51 of 2nd period - Snap shot by Darnell Nurse.
10:51 of 2nd period - Shot Misses the Net.
11:05 of 2nd period - Snap shot by Brock Nelson.
11:05 of 2nd period - Shot Blocked by Darnell Nurse.
11:37 of 2nd period - Wrist shot by Emil Bemstrom.
11:37 of 2nd period - Shot Misses the Net.
11:39 of 2nd period - Snap shot by Brent Burns.
11:39 of 2nd period - Shot Blocked by Mike Matheson.
11:41 of 2nd period - Snap shot by Cal Clutterbuck.
11:41 of 2nd period - Goal by Cal Clutterbuck - Red Wings : 4 - Maple Leafs : 2.
11:42 of 2nd period - Kevin Hayes wins face-off versus Filip Forsberg in neutral zone.
12:12 of 2nd period - Snap shot by Alec Martinez.
12:12 of 2nd period - Shot Blocked by T.J. Brodie.
12:14 of 2nd period - Wrist shot by Sean Kuraly.
12:14 of 2nd period - Stopped by Sergei Bobrovsky without a rebound.
12:15 of 2nd period - Michael Rasmussen wins face-off versus Casey Cizikas in Maple Leafs zone.
12:19 of 2nd period - Off-side.
12:20 of 2nd period - Michael Rasmussen wins face-off versus Dylan Cozens in neutral zone.
12:27 of 2nd period - Snap shot by Michael Rasmussen.
12:27 of 2nd period - Stopped by Igor Shesterkin without a rebound.
12:28 of 2nd period - Ryan O'Reilly wins face-off versus Dylan Cozens in Red Wings zone.
12:58 of 2nd period - Off-side.
12:59 of 2nd period - Kevin Hayes wins face-off versus Lars Eller in neutral zone.
13:29 of 2nd period - Snap shot by Dominik Kubalik.
13:29 of 2nd period - Shot Blocked by Nick Cousins.
13:31 of 2nd period - Backhand shot by Mike Matheson.
13:31 of 2nd period - Deflect By Dominik Kubalik.
13:31 of 2nd period - Stopped by Sergei Bobrovsky without a rebound.
13:32 of 2nd period - Ryan O'Reilly wins face-off versus Casey Cizikas in Maple Leafs zone.
13:37 of 2nd period - Slapshot by Hampus Lindholm.
13:37 of 2nd period - Stopped by Sergei Bobrovsky with a rebound.
13:39 of 2nd period - Wrist shot by Dominik Kubalik.
13:39 of 2nd period - Stopped by Sergei Bobrovsky with a rebound.
13:41 of 2nd period - Snap shot by Dominik Kubalik.
13:41 of 2nd period - Goal by Dominik Kubalik - Red Wings : 5 - Maple Leafs : 2.
13:42 of 2nd period - Vincent Trocheck wins face-off versus Michael Rasmussen in neutral zone.
14:12 of 2nd period - Off-side.
14:13 of 2nd period - Ryan O'Reilly wins face-off versus Dylan Cozens in neutral zone.
14:41 of 2nd period - Snap shot by Matt Nieto.
14:41 of 2nd period - Shot Blocked by Mike Matheson.
14:43 of 2nd period - Backhand shot by T.J. Brodie.
14:43 of 2nd period - Shot Misses the Net.
14:45 of 2nd period - Slapshot by T.J. Brodie.
14:45 of 2nd period - Shot Misses the Net.
14:47 of 2nd period - Wrist shot by Matt Nieto.
14:47 of 2nd period - Stopped by Igor Shesterkin with a rebound.
15:06 of 2nd period - Snap shot by Sam Gagner.
15:06 of 2nd period - Shot Blocked by Mike Matheson.
15:08 of 2nd period - Snap shot by Darnell Nurse.
15:08 of 2nd period - Stopped by Igor Shesterkin with a rebound.
15:44 of 2nd period - Icing by Dominik Kubalik.
15:45 of 2nd period - Lars Eller wins face-off versus Casey Cizikas in Red Wings zone.
16:16 of 2nd period - Snap shot by Dominik Kubalik.
16:16 of 2nd period - Stopped by Sergei Bobrovsky with a rebound.
16:20 of 2nd period - Snap shot by Dominik Kubalik.
16:20 of 2nd period - Stopped by Sergei Bobrovsky without a rebound.
16:21 of 2nd period - Michael Rasmussen wins face-off versus Vincent Trocheck in Maple Leafs zone.
16:21 of 2nd period - Michael Rasmussen is hit by Owen Tippett.
16:29 of 2nd period - Wrist shot by Michael Rasmussen.
16:29 of 2nd period - Stopped by Igor Shesterkin with a rebound.
16:43 of 2nd period - Minor Penalty to Jalen Chatfield for Holding.
16:44 of 2nd period - Vincent Trocheck wins face-off versus Ryan O'Reilly in Red Wings zone.
16:44 of 2nd period - Vincent Trocheck is hit by Darnell Nurse.
16:47 of 2nd period - 10 Minutes Misconduct Penalty to Brady Tkachuk is over.
17:03 of 2nd period - Icing by Brent Burns.
17:04 of 2nd period - Ryan O'Reilly wins face-off versus Casey Cizikas in Maple Leafs zone.
17:47 of 2nd period - Slapshot by Ryan O'Reilly.
17:47 of 2nd period - Goal by Ryan O'Reilly - Red Wings : 5 - Maple Leafs : 3.
17:48 of 2nd period - Vincent Trocheck wins face-off versus Michael Rasmussen in neutral zone.
18:38 of 2nd period - Double Minor Penalty to Mike Matheson for Charging.
18:39 of 2nd period - Vincent Trocheck wins face-off versus Ryan O'Reilly in Red Wings zone.
18:51 of 2nd period - Wrist shot by Filip Forsberg.
18:51 of 2nd period - Shot Misses the Net.
19:15 of 2nd period - Slapshot by Michael Rasmussen.
19:15 of 2nd period - Stopped by Igor Shesterkin without a rebound.
19:16 of 2nd period - Vincent Trocheck wins face-off versus Ryan O'Reilly in Red Wings zone.
19:27 of 2nd period - Alec Martinez is hit by Ryan O'Reilly and loses puck.
19:44 of 2nd period - Icing by Michael Rasmussen.
19:45 of 2nd period - Casey Cizikas wins face-off versus Michael Rasmussen in Maple Leafs zone.
19:46 of 2nd period - Wrist shot by Sean Kuraly.
19:46 of 2nd period - Shot Blocked by Darnell Nurse.
Goals for this period are 4 for Red Wings vs 3 for Maple Leafs.
Shots for this period are 14 for Red Wings vs 16 for Maple Leafs.

3rd period


0:01 of 3rd period - Ryan O'Reilly wins face-off versus Yanni Gourde in neutral zone.
0:08 of 3rd period - Snap shot by Kevin Labanc.
0:08 of 3rd period - Shot Blocked by Vincent Trocheck.
1:51 of 3rd period - Icing by Brent Burns.
1:52 of 3rd period - Brock Nelson wins face-off versus Ryan O'Reilly in Maple Leafs zone.
2:13 of 3rd period - Wrist shot by Brock Nelson.
2:13 of 3rd period - Deflect By Brady Tkachuk.
2:13 of 3rd period - Stopped by Sergei Bobrovsky without a rebound.
2:14 of 3rd period - Vincent Trocheck wins face-off versus Michael Rasmussen in Maple Leafs zone.
2:15 of 3rd period - Snap shot by Yanni Gourde.
2:15 of 3rd period - Shot Misses the Net.
2:38 of 3rd period - Penalty to Mike Matheson is over, Mike Matheson is back on ice.
2:50 of 3rd period - Off-side.
2:51 of 3rd period - Sam Gagner wins face-off versus Vincent Trocheck in neutral zone.
2:51 of 3rd period - Brent Burns is hit by Vincent Trocheck and loses puck.
3:59 of 3rd period - Snap shot by Emil Bemstrom.
3:59 of 3rd period - Deflect By Sam Gagner.
3:59 of 3rd period - Stopped by Igor Shesterkin without a rebound.
4:00 of 3rd period - Ryan O'Reilly wins face-off versus Vincent Trocheck in Red Wings zone.
4:13 of 3rd period - Wrist shot by Ryan O'Reilly.
4:13 of 3rd period - Stopped by Igor Shesterkin with a rebound.
4:33 of 3rd period - Alec Martinez is hit by T.J. Oshie and loses puck.
4:56 of 3rd period - Snap shot by Brady Tkachuk.
4:56 of 3rd period - Shot Misses the Net.
4:58 of 3rd period - Wrist shot by Dylan Cozens.
4:58 of 3rd period - Stopped by Sergei Bobrovsky with a rebound.
5:00 of 3rd period - Wrist shot by Brady Tkachuk.
5:00 of 3rd period - Stopped by Sergei Bobrovsky without a rebound.
5:01 of 3rd period - Dylan Cozens wins face-off versus Filip Forsberg in Maple Leafs zone.
5:16 of 3rd period - Wrist shot by Ryan O'Reilly.
5:16 of 3rd period - Shot Misses the Net.
5:32 of 3rd period - Snap shot by Michael Rasmussen.
5:32 of 3rd period - Stopped by Igor Shesterkin without a rebound.
5:33 of 3rd period - Kevin Hayes wins face-off versus Michael Rasmussen in Red Wings zone.
6:30 of 3rd period - Snap shot by Yegor Sharangovich.
6:30 of 3rd period - Shot Misses the Net.
6:32 of 3rd period - Slapshot by Jeff Carter.
6:32 of 3rd period - Stopped by Sergei Bobrovsky without a rebound.
6:33 of 3rd period - Ryan O'Reilly wins face-off versus Vincent Trocheck in Maple Leafs zone.
7:02 of 3rd period - Snap shot by Nick Cousins.
7:02 of 3rd period - Shot Misses the Net.
7:04 of 3rd period - Slapshot by Nick Cousins.
7:04 of 3rd period - Deflect By T.J. Oshie.
7:04 of 3rd period - Shot Blocked by Dylan Cozens.
7:04 of 3rd period - Puck is out of play.
7:05 of 3rd period - Lars Eller wins face-off versus Dylan Cozens in Red Wings zone.
7:06 of 3rd period - Slapshot by T.J. Oshie.
7:06 of 3rd period - Shot Misses the Net.
7:18 of 3rd period - Wrist shot by Yanni Gourde.
7:18 of 3rd period - Shot Misses the Net.
7:20 of 3rd period - Slapshot by Luke Schenn.
7:20 of 3rd period - Stopped by Sergei Bobrovsky with a rebound.
7:57 of 3rd period - Snap shot by Dylan Cozens.
7:57 of 3rd period - Shot Blocked by T.J. Brodie.
7:59 of 3rd period - Backhand shot by Braden Schneider.
7:59 of 3rd period - Stopped by Sergei Bobrovsky without a rebound.
8:00 of 3rd period - Ryan O'Reilly wins face-off versus Brock Nelson in Maple Leafs zone.
8:31 of 3rd period - Hampus Lindholm is hit by Nathan Beaulieu and loses puck.
8:53 of 3rd period - Wrist shot by Emil Bemstrom.
8:53 of 3rd period - Shot Blocked by Hampus Lindholm.
9:11 of 3rd period - Wrist shot by Brock Nelson.
9:11 of 3rd period - Stopped by Sergei Bobrovsky without a rebound.
9:12 of 3rd period - Ryan O'Reilly wins face-off versus Vincent Trocheck in Maple Leafs zone.
9:12 of 3rd period - Ryan O'Reilly is hit by Vincent Trocheck.
9:24 of 3rd period - Slapshot by Filip Forsberg.
9:24 of 3rd period - Stopped by Igor Shesterkin with a rebound.
10:02 of 3rd period - Minor Penalty to Nick Cousins for Hooking.
10:03 of 3rd period - Vincent Trocheck wins face-off versus Lars Eller in Maple Leafs zone.
10:19 of 3rd period - Snap shot by Brock Nelson.
10:19 of 3rd period - Shot Misses the Net.
11:27 of 3rd period - Colton Parayko is hit by Brock Nelson.
11:43 of 3rd period - T.J. Brodie is hit by Owen Tippett and loses puck.
11:54 of 3rd period - Hampus Lindholm is hit by T.J. Brodie and loses puck.
12:02 of 3rd period - Penalty to Nick Cousins is over, Nick Cousins is back on ice.
12:19 of 3rd period - Snap shot by Emil Bemstrom.
12:19 of 3rd period - Stopped by Igor Shesterkin without a rebound.
12:20 of 3rd period - Ryan O'Reilly wins face-off versus Kevin Hayes in Red Wings zone.
12:46 of 3rd period - Sam Gagner is hit by Luke Schenn and loses puck.
13:11 of 3rd period - Slapshot by Matt Nieto.
13:11 of 3rd period - Shot Blocked by Owen Tippett.
13:20 of 3rd period - Icing by Mason Appleton.
13:21 of 3rd period - Michael Rasmussen wins face-off versus Dylan Cozens in Maple Leafs zone.
13:48 of 3rd period - Colton Parayko is hit by Vincent Trocheck.
13:49 of 3rd period - Icing by Colton Parayko.
13:50 of 3rd period - Lars Eller wins face-off versus Vincent Trocheck in Maple Leafs zone.
14:11 of 3rd period - Nick Cousins is hit by Vincent Trocheck and loses puck.
14:21 of 3rd period - Off-side.
14:22 of 3rd period - Ryan O'Reilly wins face-off versus Dylan Cozens in neutral zone.
14:49 of 3rd period - Matt Nieto is hit by Luke Schenn and loses puck.
14:54 of 3rd period - Snap shot by Kevin Hayes.
14:54 of 3rd period - Deflect By Jeff Carter.
14:54 of 3rd period - Stopped by Sergei Bobrovsky with a rebound.
16:19 of 3rd period - Minor Penalty to Mike Matheson for Interference.
16:20 of 3rd period - Yanni Gourde wins face-off versus Ryan O'Reilly in Red Wings zone.
16:46 of 3rd period - Alec Martinez is hit by T.J. Oshie and loses puck.
18:19 of 3rd period - Penalty to Mike Matheson is over, Mike Matheson is back on ice.
18:37 of 3rd period - Snap shot by Vincent Trocheck.
18:37 of 3rd period - Goal by Vincent Trocheck - Red Wings : 6 - Maple Leafs : 3.
18:38 of 3rd period - Ryan O'Reilly wins face-off versus Kevin Hayes in neutral zone.
18:43 of 3rd period - Luke Schenn is hit by Kevin Labanc and loses puck.
18:48 of 3rd period - Snap shot by Filip Forsberg.
18:48 of 3rd period - Stopped by Igor Shesterkin with a rebound.
19:42 of 3rd period - Minor Penalty to Jan Rutta for High sticking.
19:43 of 3rd period - Owen Tippett wins face-off versus Lars Eller in Maple Leafs zone.
19:52 of 3rd period - Wrist shot by Owen Tippett.
19:52 of 3rd period - Goal by Owen Tippett - Red Wings : 7 - Maple Leafs : 3.
19:53 of 3rd period - Ryan O'Reilly wins face-off versus Vincent Trocheck in neutral zone.
Goals for this period are 2 for Red Wings vs 0 for Maple Leafs.
Shots for this period are 10 for Red Wings vs 6 for Maple Leafs.